 Dungeon Crawl Stone Soup version 0.27.1-33-g824d729ab1 (webtiles) character file.

Game seed: 5693479165146599857

42 Sharkman1231 the Poker (level 3, 0/28 HPs)
             Began as a Demonspawn Gladiator on Dec 18, 2021.
             Slain by Terence (8 damage)
             ... on level 2 of the Dungeon.
             The game lasted 00:01:17 (1461 turns).

Sharkman1231 the Poker (Demonspawn Gladiator)       Turns: 1461, Time: 00:01:18

Health: 0/28       AC:  4    Str: 14    XL:     3   Next: 35%
Magic:  0/3        EV: 12    Int:  9    God:
Gold:   14         SH:  0    Dex: 15    Spells: 2/2 levels left

rFire    . . .     SeeInvis .   a - +0 trident
rCold    . . .     Faith    .   (no shield)
rNeg     . . .     Spirit   +   b - +0 leather armour
rPois    .         Reflect  .   c - +0 helmet
rElec    .         Harm     .   (no cloak)
rCorr    .         Rampage  .   (no gloves)
Will     .....                  (no boots)
Stlth    +.........             g - amulet of guardian spirit
HPRegen  0.09/turn              (no ring)
MPRegen  0.08/turn              (no ring)

@: no status effects
A: hooves 1, demonic magic 1
a: no special abilities


You were on level 2 of the Dungeon.
You visited 1 branch of the dungeon, and saw 2 of its levels.

You collected 14 gold pieces.

Inventory:

Hand Weapons
 a - a +0 trident (weapon)
Missiles
 d - 3 throwing nets (quivered)
Armour
 b - a +0 leather armour (worn)
 c - a +0 helmet (worn)
Jewellery
 g - an amulet of guardian spirit (around neck)
Scrolls
 e - a scroll of identify {unknown}
 f - a scroll of vulnerability {unknown}


   Skills:
 + Level 2.5 Fighting
 * Level 3.4 Polearms
 - Level 1.7 Throwing
 + Level 3.1 Dodging


You had 2 spell levels left.
You didn't know any spells.
Your spell library was empty.

Dungeon Overview and Level Annotations

Branches:
Dungeon (2/15)

Altars:

Annotations:
D:2 Terence


Innate Abilities, Weirdness & Mutations

You have large cloven feet.
Spells you cast may paralyse adjacent enemies.


Message History

Found a scroll labelled DETAER INYDOON.
A rat is nearby!
An endoplasm comes into view.
You reach to attack!
You closely miss the rat. You closely miss the rat. You kick the rat.
The rat is moderately wounded.
The rat bites you but does no damage.
You closely miss the rat.
The rat is moderately wounded.
The endoplasm quivers.
The rat barely misses you. x2
You hit the rat.
You kill the rat!
The endoplasm jiggles.
Terence the Incautious comes into view.
He is wielding a +0 flail.
Terence shouts!
Found a scroll labelled DETAER INYDOON.
The endoplasm closely misses you.
You puncture the endoplasm!
You kill the endoplasm!
You closely miss Terence. Terence hits you with a +0 flail.
You hit Terence but do no damage. Terence closely misses you.
You closely miss Terence. Terence hits you with a +0 flail!
You hit Terence.
Terence is lightly wounded.
Terence hits you with a +0 flail!
You are too injured to fight recklessly!
You hit Terence. You kick Terence.
Terence is moderately wounded.
Terence misses you. Terence closely misses you.
Unknown command.
You are too injured to fight recklessly!
You are too injured to fight recklessly!
You hit Terence. Your kick misses Terence.
Terence is severely wounded.
Terence hits you with a +0 flail.
* * * LOW HITPOINT WARNING * * *
You hit Terence. Your kick misses Terence.
Terence is severely wounded.
Terence hits you with a +0 flail!
You die...

###
####<###
#..^...#
#._^.#.#
#^...#.#
##.#.#.#
#.#.#.#
#@#.#.#
#@#.#.#
#.#.#.#
#.#.#
#..?#..
##..#
#...
##.# ...


You could see Terence.

Vanquished Creatures
  A gnoll (D:1)
  5 bats (D:1)
  3 endoplasms
  2 giant cockroaches (D:1)
  4 hobgoblins
  2 jackals (D:1)
  3 kobolds (D:1)
  2 quokkas (D:1)
  4 ball pythons (D:1)
  A frilled lizard (D:1)
  4 rats
31 creatures vanquished.

Notes
Turn   | Place    | Note
-------+----------+-------------------------------------------
     0 | D:1      | Sharkman1231 the Demonspawn Gladiator began the quest for
                  | the Orb.
     0 | D:1      | Reached XP level 1. HP: 16/16 MP: 1/1
   229 | D:1      | Gained mutation: Spells you cast may paralyse adjacent
                  | enemies. [demonic ancestry]
   229 | D:1      | Reached XP level 2. HP: 21/22 MP: 2/2
  1132 | D:1      | Gained mutation: You have large cloven feet. [demonic
                  | ancestry]
  1132 | D:1      | Reached XP level 3. HP: 27/28 MP: 3/3
  1412 | D:2      | Found a faded altar of an unknown god.
  1448 | D:2      | Noticed Terence
  1461 | D:2      | Slain by Terence

Illustrated notes

Levels and vault maps discovered:
D:1:      minmay_arrival_cross, layout_basic
D:2:      layout_basic, ebering_ecumenical_altar_webs, uniq_terence, uniq_robin

Skill      XL: |  1  2 |
---------------+-------+-----
Polearms       | 3 |  3.4
Dodging        | 3 |  3.1
Fighting       | |  2.5
Throwing       | |  1.7

Action                   || total
-------------------------++-------
Melee: Trident           ||   121
       Kick              ||     5
 Stab: Sleeping          ||     2
Armor: Leather armour    ||    26
Dodge: Dodged            ||    60
